[Event "Early-Titled-Tuesday-Blitz-March-05-2024"]
[Site "Chess.com"]
[Date "2024.03.05"]
[Round "4"]
[White "Supergiuly"]
[Black "Predator0608"]
[Result "0-1"]
[WhiteElo "2357"]
[BlackElo "2547"]
[TimeControl "180+1"]
[EndTime "8:42:58 PST"]
[Termination "Predator0608 won by resignation"]

1. g3 Nf6 2. Bg2 g6 3. Nf3 Bg7 4. O-O O-O 5. d4 d6 6. c3 c6 7. Nbd2 Qc7 8. e4 e5 9. dxe5 dxe5 10. Nc4 Rd8 11. Qc2 Ne8 12. Be3 Be6 13. Ncd2 Nd7 14.
Rad1 Nb6 15. Nb3 Nc4 16. Bc1 b6 17. Qe2 h6 18. Nbd2 b5 19. b3 Nb6 20. Rfe1 Kh7 21. Nf1 a5 22. Ne3 a4 23. Qc2 Bf8 24. h3 axb3 25. axb3 Ba3 26. Ng4 Bxg4 27. hxg4 Bxc1 28. Qxc1 Kg7 29. Kh2 Ra2 30. Rh1 Nf6 31. Kg1 Nxg4 32.
Rh4 h5 33. Rf1 Qe7 34. Bh3 Qf6 35. Bxg4 Rh8 36. Qg5 Qxg5 37. Nxg5 hxg4 38. Rxh8 Kxh8 39. Nxf7+ Kg7 40. Nxe5 Rc2 41. Nxc6 Rxc3 42. Nd4 b4 43. Ra1 Kf6 44. Ra6 Ke5 45. Nb5 Rc1+ 46. Kg2 Nd7 47. Ra7 Nc5 48. Re7+ Kf6 49. Rc7 Ke5 50. Re7+ Kf6 51.
Re8 Nd3 52. Nd4 Ne1+ 53. Kh2 Rd1 54. Re6+ Kf7 55. Rd6 Rxd4 56. Rxd4 Nf3+ 0-1

[Event "Early-Titled-Tuesday-Blitz-March-05-2024"]
[Site "Chess.com"]
[Date "2024.03.05"]
[Round "4"]
[White "ChessBrainiacOnTwitch"]
[Black "Juwen"]
[Result "0-1"]
[WhiteElo "2830"]
[BlackElo "2637"]
[TimeControl "180+1"]
[EndTime "8:43:00 PST"]
[Termination "Juwen won by resignation"]

1. e4 c5 2. Nf3 e6 3. d4 cxd4 4. Nxd4 Nc6 5. Nc3 Nf6 6. a3 Qc7 7. Be2 Be7 8. Be3 O-O 9. Qd2 a6 10. O-O-O b5 11. g4 b4 12. axb4 Bxb4 13. f3 d6 14. g5 Nd7 15. h4 Rb8 16. Nb3 Na5 17.
Kb1 Nc5 18. Nxc5 dxc5 19. Bf4 e5 20. Nd5 Bxd2 21. Nxc7 Bxf4 22. Nxa6 Bxa6 23. Bxa6 Rb6 24. Be2 Rfb8 25. b3 Nc6 26. Rd6 Nd4 27. Rxb6 Rxb6 28.
Bc4 Nxf3 29. Kb2 Nd2 30. Bd5 h6 31. gxh6 Bxh6 32. Ra1 Rf6 33. Ra7 Be3 34. Rb7 g6 35. c3 Rf2 36. Kc2 Nf3+ 37. Kd3 Bf4 38. Rxf7 Kh8 39.
Kc4 Nxh4 40. Kxc5 g5 41. b4 Be3+ 42. Kc4 Rxf7 43. Bxf7 g4 44. Kd3 Bb6 45. Be6 g3 46. Bh3 g2 47. Bxg2 Nxg2 48. Kc4 Nf4 49. Kb5 Be3 50. c4 Kg7 51. c5 Ne6 52. Kc6 Kf6 53. Kd7 Bxc5 54. b5 Bb6 55. Kc6 Be3 56. Kd5 Nf4+ 57.
Kc6 Bd4 58. Kc7 Ke6 59. Kc6 Nd3 60. Kc7 Nb4 61. Kb7 Na2 62. Kc6 Nc3 63. b6 Bxb6 64.
Kxb6 Nxe4 65. Kb5 Kf5 66. Kc4 Nf6 67. Kd3 Kf4 68. Ke2 Ke4 0-1

[Event "Early-Titled-Tuesday-Blitz-March-05-2024"]
[Site "Chess.com"]
[Date "2024.03.05"]
[Round "4"]
[White "toninhojit"]
[Black "AEMEffi"]
[Result "1-0"]
[WhiteElo "2500"]
[BlackElo "2320"]
[TimeControl "180+1"]
[EndTime "8:43:01 PST"]
[Termination "toninhojit won on time"]

1. d4 Nf6 2. c4 g6 3. Nc3 d5 4. cxd5 Nxd5 5. e4 Nxc3 6. bxc3 Bg7 7. Nf3 O-O 8. Be2 b6 9. O-O Bb7 10. e5 c5 11. Be3 cxd4 12. cxd4 Bd5 13. Qd2 Nc6 14.
Rfd1 Qd7 15. Bh6 Rfd8 16. Bxg7 Kxg7 17. Qe3 Rac8 18. Bb5 Qf5 19. Rac1 Bxf3 20. gxf3 Nxd4 21. Rxc8 Nxf3+ 22. Qxf3 Qxf3 23. Rcxd8 Qg4+ 24. Kf1 Qh3+ 25. Ke1 Qxh2 26. R8d5 e6 27. R5d4 Qxe5+ 28. Be2 h5 29. Kf1 Qh2 30. Bf3 g5 31. Rd7 g4 32. Bg2 h4 33.
R1d4 h3 34. Rxg4+ Kf6 35. Bf3 Qe5 36. Rdd4 Ke7 37. Rge4 Qf5 38. Ke2 h2 39. Rh4 Qc2+ 40. Rd2 Qc3 41. Rd3 Qe5+ 42. Kf1 Qa1+ 43. Rd1 Qxa2 44.
Rxh2 Qb3 45. Kg2 a5 46. Rh3 a4 47. Bh5 Qb4 48. Rf3 f5 49. Re3 Qh4 50. Bf3 Qg5+ 51. Kf1 Qf4 52. Rde1 Qc4+ 53. Kg2 a3 54. Be2 Qb4 55. Bd1 Qd6 56. Bb3 e5 57. Rxe5+ Kd8 58. Rd5 Qxd5+ 59. Bxd5 1-0

[Event "Early-Titled-Tuesday-Blitz-March-05-2024"]
[Site "Chess.com"]
[Date "2024.03.05"]
[Round "4"]
[White "DanielTitichoca"]
[Black "Pedrada88"]
[Result "1/2-1/2"]
[WhiteElo "2380"]
[BlackElo "2561"]
[TimeControl "180+1"]
[EndTime "8:43:02 PST"]
[Termination "Game drawn by repetition"]

1. e4 c5 2. Nf3 Nc6 3. d4 cxd4 4. Nxd4 Nf6 5. Nc3 e6 6. Ndb5 Bc5 7. Bf4 O-O 8. Bc7 Qe7 9. Bd6 Bxd6 10. Qxd6 Ne8 11.
Qxe7 Nxe7 12. O-O-O f5 13. e5 Ng6 14. Re1 a6 15. Nd4 b5 16. h4 Bb7 17. f3 Rc8 18. h5 Nf4 19. g3 Nd5 20. Nxd5 Bxd5 21. Bd3 Nc7 22. Rhg1 Na8 23. g4 f4 24. g5 Nb6 25.
b3 Rc5 26. Kb2 Bb7 27. Ra1 Rxe5 28. Rae1 Rxe1 29. Rxe1 Rc8 30. Re5 Nd5 31. Be4 b4 32.
g6 hxg6 33. hxg6 Kf8 34. Nf5 exf5 35. Bxd5 Bxd5 36. Rxd5 Rc6 37. Rxf5+ Rf6 38. Rd5 Ke7 39. Rd4 a5 40. a3 bxa3+ 41. Kxa3 Rxg6 42. Rxf4 Ke6 43. Ka4 Rg5 44. Re4+ Kf6 45. c4 d5 46. cxd5 Rxd5 47.
Rg4 g5 48. f4 Rd4+ 49. Kxa5 Rxf4 50. Rg1 Rf2 51. b4 Ra2+ 52. Kb6 Kf5 53. b5 g4 54. Kc7 Kf4 55. b6 Rc2+ 56. Kb8 g3 57. b7 g2 58. Ka8 Ra2+ 59. Kb8 Kf3 60. Kc7 Rc2+ 61.
Kb6 Rb2+ 62. Ka6 Kf2 63. Rxg2+ Kxg2 64. Ka7 Ra2+ 65. Kb6 Rb2+ 66. Ka7 Ra2+ 67. Kb6 Rb2+ 68. Ka7 1/2-1/2

[Event "Early-Titled-Tuesday-Blitz-March-05-2024"]
[Site "Chess.com"]
[Date "2024.03.05"]
[Round "4"]
[White "JaloliddinIlkhomi"]
[Black "Actuary44"]
[Result "1/2-1/2"]
[WhiteElo "2741"]
[BlackElo "2545"]
[TimeControl "180+1"]
[EndTime "8:43:03 PST"]
[Termination "Game drawn by repetition"]

1. Nf3 d6 2. d4 Nf6 3. c4 g6 4. Nc3 Bg7 5. e4 O-O 6. Be2 e5 7. dxe5 dxe5 8. Qxd8 Rxd8 9. Bg5 Re8 10. Nd5 Nxd5 11. cxd5 c6 12. Bc4 cxd5 13. Bxd5 h6 14. Be3 Nc6 15. Nd2 Nb4 16. Nc4 Nc2+ 17. Ke2 Nxa1 18.
Rxa1 Be6 19. Rd1 Bxd5 20. exd5 Red8 21. a4 Rac8 22. b3 b6 23. d6 f5 24. f3 Kf7 25. a5 b5 26. d7 Rc7 27. Nd6+ Ke6 28.
Nxb5 Rc2+ 29. Kf1 a6 30. Rd6+ Ke7 31. Rxg6 Bf6 32. Na3 Ra2 33. Rxh6 Rxd7 34. Rh7+ Ke6 35. Rxd7 Kxd7 36. Nc4 Kc6 37. h4 Bxh4 38. Nxe5+ Kb5 39. Nc4 Kb4 40. Bb6 Kxb3 41. Nd6 f4 42. Nf5 Bf6 43. g3 fxg3 44. Nxg3 Bc3 45. Ne2 Bxa5 46. Nc1+ Kb2 47. Nxa2 Bxb6 48. Nb4 a5 49. Nd5 Bd4 50. Nc7 a4 51.
Nb5 a3 52. Nxa3 Kxa3 53. Ke2 Kb4 54. Kd3 Bf6 55. Ke4 Kc5 56. Kf5 Bd8 57. Ke6 Kc6 58. f4 Kc7 59. f5 Kc8 60. Kf7 Kd7 61. Kg7 Ke8 62. Kg8 Bf6 63. Kh7 Ke7 64. Kg6 Be5 65. Kh7 Bf6 66. Kg6 Be5 67. Kg5 Bf6+ 68. Kf4 Be5+ 69.
Kxe5 Kf7 70. Ke4 Kf6 71. Kf4 Kf7 72. Ke5 Ke7 73. f6+ Kf7 74. Kf5 Kf8 75. Kg5 Kf7 76. Kf5 Kf8 77. Ke6 Ke8 78. Ke5 Kf7 79. Kf5 1/2-1/2

[Event "Early-Titled-Tuesday-Blitz-March-05-2024"]
[Site "Chess.com"]
[Date "2024.03.05"]
[Round "4"]
[White "ReinisUz"]
[Black "Kielinkei"]
[Result "1/2-1/2"]
[WhiteElo "2419"]
[BlackElo "2592"]
[TimeControl "180+1"]
[EndTime "8:43:03 PST"]
[Termination "Game drawn by stalemate"]

1. c4 e5 2. Nc3 Nc6 3. g3 g6 4. Bg2 Bg7 5. e4 Nge7 6. Nge2 O-O 7. O-O d6 8. d3 f5 9. h3 h6 10.
Kh2 Be6 11. f4 Qd7 12. Be3 Rae8 13. Qd2 Kh7 14. Rae1 a6 15. a3 Nd4 16. Bxd4 exd4 17. Nd5 c5 18. b4 fxe4 19. dxe4 Nxd5 20. exd5 Bf5 21. Nc1 h5 22. Nd3 b6 23. Nf2 Rxe1 24. Rxe1 Re8 25. Be4 Bh6 26. h4 Rf8 27. Kg2 Bg7 28.
Bxf5 Qxf5 29. Ne4 Qd7 30. Ng5+ Kg8 31. Re6 Rf6 32. Qd3 Rxe6 33. dxe6 Qe8 34. Qe4 Bf6 35. Nf7 Kg7 36. f5 b5 37. cxb5 Qxb5 38. Nxd6 Qa4 39.
fxg6 cxb4 40. Nf5+ Kf8 41. g7+ Bxg7 42. Qa8+ Qe8 43.
Qxe8+ Kxe8 44. Nxg7+ Kf8 45. Nf5 bxa3 46. Nxd4 a2 47.
Nb3 Ke7 48. Kf3 Kxe6 49. Ke4 a5 50. Na1 a4 51. Kf4 Kf6 52. g4 hxg4 53. Kxg4 Kg6 54. h5+ Kh6 55. Kh4 Kh7 56. Kg5 Kg7 57. h6+ Kh7 58.
Kh5 Kh8 59. Kg6 Kg8 60. h7+ Kh8 61. Nc2 a3 62. Na1 1/2-1/2

[Event "Early-Titled-Tuesday-Blitz-March-05-2024"]
[Site "Chess.com"]
[Date "2024.03.05"]
[Round "4"]
[White "Pasmendjambvirgulptipon98"]
[Black "OneTrickPony_82"]
[Result "0-1"]
[WhiteElo "2330"]
[BlackElo "2518"]
[TimeControl "180+1"]
[EndTime "8:43:03 PST"]
[Termination "OneTrickPony_82 won on time"]

1. e4 e5 2. Nf3 Nc6 3. Bb5 a6 4. Bxc6 dxc6 5. O-O Qf6 6. d3 Ne7 7. Nbd2 Ng6 8. Nc4 Bg4 9. h3 Bxf3 10. Qxf3 Qxf3 11. gxf3 O-O-O 12. a4 b6 13. Kg2 Bd6 14. Be3 f5 15. Bg5 Rdf8 16. Bd2 f4 17. Bc3 Nh4+ 18. Kh1 Nxf3 19. Kg2 Nh4+ 20. Kh2 Re8 21. f3 c5 22. Be1 Ng6 23. Bf2 Ne7 24. c3 Nc6 25. Rfd1 Rd8 26. Rg1 g6 27. Rgd1 Rhe8 28. Kg2 Bf8 29. Bh4 Be7 30.
Bf2 Kb7 31. Kf1 Bf6 32. Ke2 Ra8 33. Rab1 Be7 34. Na3 Bf8 35. d4 cxd4 36. cxd4 exd4 37. Nc2 Bc5 38. Nxd4 Nxd4+ 39. Bxd4 Bxd4 40. Rxd4 Rad8 41. Rbd1 Rxd4 42. Rxd4 Re5 43. Rd8 Rh5 44. Rf8 g5 45. e5 Rxh3 46. e6 Rh6 47. Re8 Kc6 48.
Kd3 Kd6 49. e7 Kd7 50. Ra8 Kxe7 51. Rxa6 Rh2 52. Ra7 Kd6 53. a5 bxa5 54. Rxa5 h6 55. Rf5 Ke6 56. Rc5 Rxb2 57. Rxc7 Rb3+ 58. Ke2 h5 59. Rc6+ Kd5 60. Rg6 Kd4 61. Rxg5 Rb2+ 62. Kf1 Ke3 63. Rxh5 Kxf3 64. Rh3+ Kg4 65. Ra3 Rb5 66.
Rc3 Rh5 67. Ra3 Rh3 68. Ra8 Rb3 69. Rg8+ Kf3 70. Re8 Rb1+ 0-1

[Event "Early-Titled-Tuesday-Blitz-March-05-2024"]
[Site "Chess.com"]
[Date "2024.03.05"]
[Round "4"]
[White "tylityli"]
[Black "Barmen_EV"]
[Result "0-1"]
[WhiteElo "2310"]
[BlackElo "2494"]
[TimeControl "180+1"]
[EndTime "8:43:03 PST"]
[Termination "Barmen_EV won on time"]

1. d4 Nf6 2. c4 g6 3. Nc3 Bg7 4. e4 d6 5. Nge2 O-O 6. Ng3 e5 7. d5 a5 8. Be2 Na6 9. h4 h6 10. Be3 c6 11. Qd2 h5 12. Bg5 Qb6 13. Be3 Qc7 14. b3 Ng4 15. Bxg4 Bxg4 16. f3 Bd7 17. Rc1 Qd8 18. Na4 f5 19. Bg5 Bf6 20. dxc6 Bxc6 21.
exf5 gxf5 22. Nc3 f4 23. Nge4 Be7 24. Bxe7 Qxe7 25. Qxd6 Qxd6 26. Nxd6 Rad8 27. Nde4 Nb4 28. Ke2 Bxe4 29. fxe4 Rd3 30. Rhg1 Re3+ 31. Kf1 Kh7 32.
Nd5 Rd3 33. Ke2 Rg3 34. Nxb4 axb4 35. Kf2 Ra8 36. Rc2 Rc3 37. Re2 Rd3 38. g3 Rf8 39. gxf4 Rxf4+ 40. Ke1 Rxh4 41. Reg2 Rxe4+ 42. Re2 Rxe2+ 43. Kxe2 Rh3 44. Kf2 Rh2+ 45. Kf3 Rxa2 46. Ke4 Rb2 47. Kxe5 Rxb3 48. Kd5 Rc3 49. Kd4 Rc2 50. Rh1 Kh6 51.
Re1 h4 52. Re7 h3 53. Rxb7 h2 54. Rb8 Kh5 55. Rh8+ Kg4 56. c5 b3 57. Kd5 b2 58.
Rg8+ Kf4 59. Re8 b1=Q 0-1

[Event "Early-Titled-Tuesday-Blitz-March-05-2024"]
[Site "Chess.com"]
[Date "2024.03.05"]
[Round "4"]
[White "JG-17"]
[Black "luckyswitchback"]
[Result "1-0"]
[WhiteElo "2506"]
[BlackElo "2668"]
[TimeControl "180+1"]
[EndTime "8:43:05 PST"]
[Termination "JG-17 won by checkmate"]

1. d4 d5 2. c4 e6 3. Nc3 c5 4.
cxd5 cxd4 5. Qxd4 exd5 6. Qxd5 Nd7 7. Nf3 Ngf6 8. Qd1 Bb4 9. e3 Qa5 10. Bd2 O-O 11. a3 Be7 12. Bd3 Nb6 13. Nb5 Qa4 14.
Qxa4 Nxa4 15. O-O-O Be6 16. Kb1 Rfc8 17. Nbd4 Bd5 18.
Rc1 Nc5 19. Bf5 Rd8 20. b4 Nce4 21. Be1 g6 22. Bxe4 Bxe4+ 23. Kb2 Nd5 24. Nb5 Bf6+ 25. Nfd4 a6 26. Nc3 Nxc3 27. Bxc3 Bxg2 28. Rhd1 Rac8 29. Ne2 Rxd1 30. Rxd1 Bxc3+ 31. Nxc3 Bc6 32. a4 Rc7 33. b5 axb5 34. axb5 Bf3 35. Rd8+ Kg7 36.
Rb8 h5 37. h4 Rc4 38. e4 Bxe4 39. Kb3 Bd3 40. Rxb7 Rxh4 41. b6 Bf5 42. Rxf7+ Kxf7 43. b7 Be6+ 44. Ka3 Rc4 45. Nb5 Rf4 46. b8=Q Rf3+ 47. Ka4 Rxf2 48. Nd6+ Kg7 49. Qc7+ Kh6 50. Qe7 Rf4+ 51.
Ka5 Bd5 52. Qe5 Rg4 53. Qxd5 Rg5 54. Nf7+ Kg7 55. Nxg5 h4 56. Nh3 Kf6 57. Qg5+ Kf7 58. Kb5 Ke6 59. Kc5 Kf7 60. Kd5 Kg7 61. Ke5 Kh7 62.
Kf6 Kh8 63. Qh6+ Kg8 64. Qg7# 1-0

[Event "Early-Titled-Tuesday-Blitz-March-05-2024"]
[Site "Chess.com"]
[Date "2024.03.05"]
[Round "4"]
[White "Herzog2012"]
[Black "AdrianaPalao"]
[Result "1-0"]
[WhiteElo "2496"]
[BlackElo "1970"]
[TimeControl "180+1"]
[EndTime "8:43:06 PST"]
[Termination "Herzog2012 won by resignation"]

1. e4 e5 2. Nf3 d6 3. d4 Nd7 4.
Bc4 c6 5. Nc3 Be7 6. dxe5 dxe5 7.
Ng5 Bxg5 8. Qh5 Qe7 9. Bxg5 Ngf6 10. Qh4 O-O 11. O-O h6 12. Be3 Nd5 13. Qxe7 Nxe7 14. a4 Nf6 15. f3 b6 16. a5 b5 17. Bb3 Bb7 18. Rad1 Rfc8 19. f4 b4 20. fxe5 Ng4 21. Rxf7 Nxe3 22. Rxe7+ Kh8 23. Rdd7 Rf8 24. h3 Bc8 25. Rd3 bxc3 26. Rxe3 cxb2 27. Re1 Ba6 28. Rf7 c5 29. e6 c4 30. Rxf8+ Rxf8 31. Ba4 Rb8 32.
e7 b1=Q 33. Rxb1 Rxb1+ 34. Kf2 Rb8 35. e8=Q+ Rxe8 36. Bxe8 Kg8 37. Ke3 Kf8 38. Bc6 Ke7 39. Kd4 Kd6 40. Bd5 Bb5 41. e5+ Ke7 42. Bxc4 Bd7 43.
h4 Bc6 44. Bd5 Ba4 45. c4 g6 46. g3 Bc2 47. c5 Kd7 48. c6+ Ke7 49. Kc5 Bf5 50. Kb5 Bc8 51. Kc5 g5 52. hxg5 hxg5 53. Kd4 g4 54. Ke4 Ke8 55. Kf4 Ke7 56. Be4 Ke6 57.
Bf5+ Kd5 58. Bxc8 Kxc6 59. Bxg4 Kb5 60. e6 Kxa5 61. e7 1-0

[Event "Early-Titled-Tuesday-Blitz-March-05-2024"]
[Site "Chess.com"]
[Date "2024.03.05"]
[Round "4"]
[White "Knightmare1014"]
[Black "verrbaa"]
[Result "0-1"]
[WhiteElo "2323"]
[BlackElo "2511"]
[TimeControl "180+1"]
[EndTime "8:43:07 PST"]
[Termination "verrbaa won on time"]

1. e4 c5 2. Nf3 e6 3. d4 cxd4 4. Nxd4 Nc6 5. Nb5 d6 6. c4 Nf6 7. N1c3 a6 8. Na3 Be7 9. Be2 O-O 10. O-O Ne5 11. Be3 b6 12. Rc1 Qc7 13. f3 Ned7 14. Nab1 Bb7 15. Qe1 Rac8 16. Qf2 Rfe8 17. Rfd1 Bd8 18.
b4 Qb8 19. Bf4 Ne5 20. Na4 Ba8 21. Be3 Nxc4 22. Bxc4 b5 23. Bxe6 Rxc1 24. Rxc1 Rxe6 25. Nac3 d5 26. exd5 Nxd5 27. Nxd5 Bxd5 28. Qd2 Bb7 29. Bf4 Qa7+ 30. Kh1 Bf6 31. Nc3 h6 32. Ne4 Bxe4 33. fxe4 Be5 34. Be3 Qe7 35. Rc8+ Kh7 36. Qd3 Rd6 37. Qe2 Qh4 38. h3 Qg3 39. Bg1 Rf6 40.
Rc1 Rf4 41. Rf1 Rxf1 42. Qxf1 Kg8 43. Qf5 g6 44. Qc8+ Kg7 45. Qc1 Qd3 46. Qe1 Qc2 47.
Qe3 Qxa2 48. Qc5 Qc4 49. Qxe5+ Kg8 50. Qe8+ Kg7 51. Qe5+ Kg8 52. Qe8+ Kg7 53. Qa8 Qxb4 54. Qxa6 Qc4 55. Qb7 b4 0-1

[Event "Early-Titled-Tuesday-Blitz-March-05-2024"]
[Site "Chess.com"]
[Date "2024.03.05"]
[Round "4"]
[White "RandomNoob04"]
[Black "baki83"]
[Result "1-0"]
[WhiteElo "2587"]
[BlackElo "2798"]
[TimeControl "180+1"]
[EndTime "8:43:09 PST"]
[Termination "RandomNoob04 won on time"]

1. e4 c5 2. d4 cxd4 3. c3 e5 4. Nf3 Nc6 5. Bc4 Bc5 6. O-O Nf6 7. b4 Bb6 8. b5 Na5 9. Nxe5 O-O 10. cxd4 d6 11.
Bxf7+ Kh8 12. Ng6+ hxg6 13. Bxg6 Bg4 14. Qd3 Qd7 15.
Bg5 Bh5 16. Bf5 Qe8 17. Nd2 Bg6 18. Qh3+ Kg8 19. Be6+ Bf7 20. Bf5 Bg6 21. Be6+ Rf7 22. Bxf6 gxf6 23. Qg4 Kf8 24. Bxf7 Qxf7 25. d5 Re8 26.
Rac1 f5 27. Qf4 fxe4 28. Qxd6+ Kg8 29. Kh1 Bd4 30. Qb4 Bb6 31. d6 Bf5 32. Rce1 Qg6 33. d7 Bxd7 34. Nxe4 Kh7 35. f3 Qf5 36. Qd6 Kg7 37.
Qg3+ Kf8 38. Qh4 Qg6 39. Qf6+ Qxf6 40. Nxf6 Rxe1 41. Rxe1 Bxb5 42. h4 Kf7 43. Ne4 Bc4 44. Nd6+ Kg6 45. Nxc4 Nxc4 46. g4 Bf2 47. Re2 Bxh4 48.
Re6+ Kf7 49. Re4 b5 50. a4 a6 51. axb5 axb5 52. Kg2 Be7 53. f4 Nd2 54. Re2 Nb3 55.
Re1 b4 56. Kf3 Nc5 57. Rb1 Na4 58. Rb3 1-0

[Event "Early-Titled-Tuesday-Blitz-March-05-2024"]
[Site "Chess.com"]
[Date "2024.03.05"]
[Round "4"]
[White "ChessLebaneseSalah"]
[Black "ansko1999"]
[Result "1-0"]
[WhiteElo "2553"]
[BlackElo "2719"]
[TimeControl "180+1"]
[EndTime "8:43:12 PST"]
[Termination "ChessLebaneseSalah won on time"]

1. e4 d6 2. d4 Nf6 3. Nc3 c6 4.
Nf3 Qa5 5. Bd3 e5 6. O-O Bg4 7. Be3 Be7 8. h3 Bh5 9. Re1 Nbd7 10. a3 O-O 11. g4 Bg6 12. Nh4 Rfe8 13. Nxg6 hxg6 14. Bf1 Rad8 15. Qf3 Nh7 16. d5 c5 17. Nb5 a6 18. b4 Qb6 19. Nc3 Qc7 20.
b5 a5 21. a4 Bg5 22. Kg2 Rf8 23. Bxg5 Nxg5 24. Qe3 f6 25. h4 Nf7 26. Kh2 Nb6 27.
Bh3 g5 28. h5 Nh6 29. Kg3 Qf7 30. f3 g6 31. hxg6 Qxg6 32. Rh1 Rd7 33. Qe2 Rh7 34.
Rh2 Kg7 35. Rah1 Rfh8 36. Bg2 Nf7 37. Bf1 Rh6 38. Qf2 R8h7 39. Bd3 Kf8 40. Be2 Qg7 41. Qg2 Qh8 42. Qf2 Kg7 43. Qe3 Qg8 44. Qf2 Nh8 45. Rxh6 Rxh6 46. Rxh6 Kxh6 47. Qh2+ Kg7 48. Bd1 Nc4 49.
Be2 Nb6 50. Bd3 Ng6 51. Bf1 Nf4 52. Kf2 Qf8 53. Nd1 Nxa4 54. Ne3 Ng6 55. Nf5+ Kf7 56. Qh7+ Ke8 57. Qxg6+ Kd8 58. Qh7 Nb6 59. Qxb7 Nd7 60. Qa8+ Kc7 61. Qxa5+ 1-0

[Event "Early-Titled-Tuesday-Blitz-March-05-2024"]
[Site "Chess.com"]
[Date "2024.03.05"]
[Round "4"]
[White "bascheyaro"]
[Black "FairChess_on_YouTube"]
[Result "0-1"]
[WhiteElo "2782"]
[BlackElo "3102"]
[TimeControl "180+1"]
[EndTime "8:43:14 PST"]
[Termination "FairChess_on_YouTube won by resignation"]

1. d4 Nf6 2. c4 e6 3. Nf3 d5 4. Nc3 c6 5. Bg5 h6 6. Bxf6 Qxf6 7. e3 Nd7 8. Qc2 Qe7 9. Rd1 g6 10. h4 Bg7 11. h5 g5 12. Bd3 g4 13.
Nh4 Nb6 14. cxd5 cxd5 15. g3 Bd7 16. Qe2 Qg5 17. Ng2 f5 18. Bb5 O-O 19. Nf4 Rfe8 20. Bxd7 Nxd7 21. Qb5 Nf6 22. Qxb7 Rab8 23. Qc6 Rb6 24. Qa4 Rxb2 25. Qxa7 Rc2 26. Nce2 Ne4 27. Qd7 Qe7 28. Qa4 Rec8 29. O-O Nd2 30. Ng6 Qe8 31. Qxe8+ Rxe8 32. Rc1 Nf3+ 33. Kg2 Rxe2 34. Rc7 Rxa2 35. Rb1 Ng5 36. Rbb7 Bf6 37. Nf4 Ne4 38. Nxe6 Rxf2+ 39. Kg1 Ra8 40. Ra7 Rxa7 41. Rxa7 Rf3 42. Nf4 Rxg3+ 43. Kh2 Rxe3 44. Ra8+ Kf7 45. Ra7+ Ke8 46. Ra8+ Kd7 47. Nxd5 Bxd4 48. Nxe3 Bxe3 49. Rf8 Ke6 50. Kg2 Bg5 51. Re8+ Kd5 52. Kf1 f4 53. Ra8 f3 54. Ra3 Ke5 55.
Kg1 Kf4 56. Ra4 g3 57. Rb4 Kf5 58. Rb5+ Kg4 59. Rb4 Kf4 60. Kf1 Be7 61. Ra4 Bc5 62.
Ra2 Kg4 63. Rc2 g2+ 64. Rxg2+ fxg2+ 65. Kxg2 Kxh5 66. Kh3 Kg5 0-1

[Event "Early-Titled-Tuesday-Blitz-March-05-2024"]
[Site "Chess.com"]
[Date "2024.03.05"]
[Round "4"]
[White "vovachesss"]
[Black "nihalsarin"]
[Result "0-1"]
[WhiteElo "2797"]
[BlackElo "3188"]
[TimeControl "180+1"]
[EndTime "8:43:18 PST"]
[Termination "nihalsarin won by resignation"]

1. e4 c6 2. d4 d5 3. e5 a6 4. Be2 Bf5 5. Nf3 e6 6. O-O c5 7. c4 Nc6 8. cxd5 exd5 9. Nc3 c4 10. a4 Bb4 11. Ne1 Nge7 12. Nc2 Bxc2 13. Qxc2 Nxd4 14.
Qd1 Nxe2+ 15. Qxe2 O-O 16. Rd1 Bxc3 17. bxc3 Nc6 18.
Rb1 Qd7 19. Qxc4 Rad8 20. Qb3 Nxe5 21. Qxb7 Qxa4 22. Be3 Rd7 23. Qb8 f6 24. Qb6 Qc6 25. Qxc6 Nxc6 26. Rb6 Ne5 27. Rxa6 Rc8 28. Bd4 Nc4 29. Re1 Kf7 30. h3 Nd6 31. Rea1 Nb5 32. Rd1 Nxc3 33. Bxc3 Rxc3 34. Ra4 Ke6 35. Rh4 h6 36. Rhd4 Rc4 37. R4d3 d4 38. R1d2 Ke5 39. Kh2 Rd5 40. f3 Rc3 41. Kg3 Rxd3 42. Rxd3 Rd7 43. Kf2 Kd5 44. Ra3 Kc4 45. Ke2 Rb7 46. Kd1 Rb2 47. g4 Rh2 48. f4 Rf2 49. f5 h5 50.
Ra7 hxg4 51. hxg4 Kd3 52. Ke1 Re2+ 53. Kf1 Re4 54. Rxg7 Kd2 55. Kf2 d3 56. Kf3 Re3+ 57. Kf4 Ke2 58. g5 d2 59. Rd7 fxg5+ 60. Kxg5 Rd3 61. Re7+ Kf2 62. f6 d1=Q 63. f7 Rg3+ 64. Kf6 Qd6+ 65. Re6 Rf3+ 66. Kg5 Qxe6 67. f8=Q Rxf8 0-1

[Event "Early-Titled-Tuesday-Blitz-March-05-2024"]
[Site "Chess.com"]
[Date "2024.03.05"]
[Round "4"]
[White "Kopytkin"]
[Black "lluiss"]
[Result "1-0"]
[WhiteElo "2451"]
[BlackElo "2162"]
[TimeControl "180+1"]
[EndTime "8:43:19 PST"]
[Termination "Kopytkin won on time"]

1. e4 c5 2. d4 cxd4 3. c3 dxc3 4. Nxc3 Nc6 5. Nf3 e6 6. Bc4 Bb4 7. O-O Bxc3 8. bxc3 Nge7 9. Bg5 f6 10. Be3 d5 11. exd5 exd5 12. Bb3 O-O 13. Re1 Na5 14. Bc2 Bf5 15. Bxf5 Nxf5 16. Bc5 Rf7 17. g4 Nh6 18. h3 b6 19. Be3 f5 20. Ne5 Rf8 21. f4 Nc4 22. Nxc4 dxc4 23. g5 Nf7 24. Bd4 Nd6 25.
Be5 Ne4 26. Qe2 Qc8 27. Rad1 Qc6 28. Rd4 Nxc3 29. Qxc4+ Qxc4 30. Rxc4 Ne4 31. Rec1 Rf7 32. Kg2 Re8 33. Rc7 Ref8 34. h4 Rxc7 35. Rxc7 Rf7 36.
Rc8+ Rf8 37. Rc7 Rf7 38. Rc8+ Rf8 39. Rc2 g6 40. h5 gxh5 41. Kf3 Rf7 42. Ke3 Rd7 43.
Rc8+ Kf7 44. Rh8 Ke6 45. Re8+ Kd5 46. Rc8 b5 47. Rb8 a6 48. Rb6 b4 49. Rxb4 Nc3 50.
Rd4+ Kc6 51. Rc4+ Kb5 52. Rxc3 Re7 53. Rb3+ Kc4 54. Rc3+ Kb5 55. Rd3 Rb7 56. Rb3+ Kc6 57. Rxb7 Kxb7 58. Kd4 Kc6 59. Kc4 a5 60. Bd4 h4 61.
Bf2 h3 62. Bg1 Kd6 63. a4 Kc6 64. Kd4 Kd6 65. Bh2 Kc6 66. Kc4 Kb6 67. Kd5 Ka6 68. Kc6 Ka7 69. Kb5 1-0

[Event "Early-Titled-Tuesday-Blitz-March-05-2024"]
[Site "Chess.com"]
[Date "2024.03.05"]
[Round "4"]
[White "Hope_6"]
[Black "Salem-AR"]
[Result "0-1"]
[WhiteElo "2823"]
[BlackElo "3037"]
[TimeControl "180+1"]
[EndTime "8:43:20 PST"]
[Termination "Salem-AR won on time"]

1. e4 c5 2. Nf3 Nc6 3. d4 cxd4 4. Nxd4 Nf6 5. Nc3 e5 6. Ndb5 d6 7. Bg5 a6 8. Na3 b5 9. Nd5 Be7 10. Bxf6 Bxf6 11. c3 O-O 12. Nc2 Rb8 13. Ncb4 Bb7 14. Nxc6 Bxc6 15. Be2 Bg5 16. O-O g6 17. Qd3 a5 18. a3 Rb7 19. Bd1 Kh8 20. Bb3 f5 21. f3 Qb8 22. Kh1 Qa7 23. Rad1 Rg7 24. Qe2 Bd8 25. Ne3 Qe7 26. Bd5 Bd7 27. c4 f4 28. Ng4 h5 29. Nf2 b4 30. axb4 axb4 31. Nd3 b3 32. Ra1 Bb6 33. Ra6 Bd4 34. Rfa1 g5 35.
c5 dxc5 36. Rh6+ Rh7 37. Rxh7+ Qxh7 38. Bxb3 Bb5 39. Rc1 g4 40. Bc4 Bd7 41. b4 cxb4 42. Nxb4 Rc8 43. Nd3 Qg6 44. Bd5 Rxc1+ 45. Nxc1 Qb6 46.
Qc2 Qa5 47. Qd1 Bb5 48. Nb3 Qc3 49. Nxd4 Qxd4 50. Qxd4 exd4 51. Bb3 g3 52. hxg3 fxg3 53.
Bd1 Kg7 54. f4 h4 55. e5 Bd3 56. Kg1 Kg6 57. Bg4 Bc4 58. Bf3 Kf5 59. Bd1 Kxf4 0-1

[Event "Early-Titled-Tuesday-Blitz-March-05-2024"]
[Site "Chess.com"]
[Date "2024.03.05"]
[Round "4"]
[White "AttilaTurzo"]
[Black "Harry_Rakkel"]
[Result "0-1"]
[WhiteElo "2470"]
[BlackElo "2686"]
[TimeControl "180+1"]
[EndTime "8:43:21 PST"]
[Termination "Harry_Rakkel won by resignation"]

1. d4 Nf6 2. Bf4 b6 3. c3 Bb7 4. Nd2 g6 5. f3 c5 6. e4 cxd4 7.
cxd4 Bg7 8. Bd3 O-O 9. Ne2 Nc6 10. a3 e5 11. dxe5 Nh5 12. Be3 Nxe5 13. Nc4 Nxd3+ 14.
Qxd3 d5 15. exd5 Qxd5 16. Qxd5 Bxd5 17. Rc1 Bxc4 18. Rxc4 Bxb2 19. a4 Rac8 20. Rxc8 Rxc8 21. Kd2 Ng7 22. Rb1 Ba3 23. a5 bxa5 24. Bxa7 Nf5 25. Nd4 Bb4+ 26. Kd3 Rd8 27. Bb6 Rd6 28. Ba7 Rd7 29.
Bb6 h5 30. g4 hxg4 31. fxg4 Ne7 32. Ke4 Nd5 33. Bxa5 Bxa5 34. Rb8+ Kg7 35. h4 Nc3+ 36. Kd3 Na4 37. Kc4 Nb6+ 38. Kc5 Na4+ 39. Kc4 Bd8 40. h5 Nb6+ 41. Kc5 Rd5+ 42. Kc6 Rxd4 43. hxg6 Kxg6 44. Rb7 f6 45. Kc5 Rd5+ 46. Kc6 Kg5 47. Rg7+ Kf4 48. Rg6 Rg5 49. Rh6 Kxg4 50. Rh8 Rd5 51. Rg8+ Kf3 52. Rf8 f5 53. Kb7 f4 54.
Kc6 Ke3 55. Re8+ Kf2 56. Rf8 f3 57. Re8 Kg2 58. Rg8+ Kf1 59. Rf8 f2 60. Rg8 Rd2 61. Rf8 Ke1 62. Re8+ Kd1 63. Rf8 Rc2+ 64. Kb5 Bh4 65.
Kb4 Ke1 66. Re8+ Re2 67. Rf8 Re4+ 68. Kb3 f1=Q 69. Rd8 Qf3+ 70. Kb2 Na4+ 71. Ka2 Re2+ 72. Kb1 Qb3+ 0-1